 Dungeon Crawl Stone Soup version 0.18-a0-1805-g8ab820f (webtiles) character file.

30 M4edhros the Insei (level 3, 0/25 HPs)
             Began as a Vampire Transmuter on Apr 26, 2016.
             Succumbed to an adder's poison
             ... on level 2 of the Dungeon.
             The game lasted 00:02:31 (321 turns).

M4edhros the Insei (Vampire Transmuter)              Turns: 321, Time: 00:02:31

Health: 0/25       AC:  6    Str: 10    XL:     3   Next: 5%
Magic:  6/6        EV:  9    Int: 15    God:
Gold:   8          SH:  0    Dex: 14    Spells: 1 memorised, 5 levels left

rFire  . . .     SeeInvis +       - Unarmed
rCold  . . .     Gourm    .     e - +0 scale mail
rNeg   . . .     Faith    .     (no shield)
rPois  .         Spirit   .     (no helmet)
rElec  .         Dismiss  .     (no cloak)
rCorr  .         Reflect  .     (no gloves)
SustAt .         Harm     .     (no boots)
MR     .....                    (no amulet)
Stlth  +.........               (no ring)
                                (no ring)

@: lethally poisoned (0 -> 0), regenerating very quickly, not resistant to
hostile enchantments, very unstealthy
A: fangs 3, see invisible, unbreathing
a: no special abilities


You were on level 2 of the Dungeon.
You were almost alive.

You visited 1 branch of the dungeon, and saw 3 of its levels.

You collected 8 gold pieces.

Inventory:

Missiles
 a - 12 arrows
Armour
 b - a +0 robe
 e - a +0 scale mail (worn)
Scrolls
 d - a scroll of identify
 g - 2 scrolls of remove curse
 h - a scroll of teleportation
Potions
 f - 2 potions of blood
Books
 c - a book of Changes

   Spells                             Type                      Level
   a - Beastly Appendage              Transmutation                1
   b - Sticks to Snakes               Transmutation                2
   c - Spider Form                    Transmutation/Poison         3
   d - Ice Form                       Ice/Transmutation            4
   e - Blade Hands                    Transmutation                5


   Skills:
 - Level 0.8 Fighting
 - Level 2.1 Dodging
 + Level 3.1 Stealth
 + Level 4.0 Unarmed Combat
 - Level 2.0 Spellcasting
 - Level 2.1 Transmutations


You had 5 spell levels left.
You knew the following spells:

 Your Spells              Type           Power        Failure   Level  Hunger
a - Beastly Appendage     Trmt           #.....       73%         1    #......


Dungeon Overview and Level Annotations

Branches:
Dungeon (3/15)

Altars:
Okawaru


Innate Abilities, Weirdness & Mutations

Your natural rate of healing is extremely fast.
You have razor-sharp teeth.
You have supernaturally acute eyesight.
You can survive without breathing.


Message History

Drink which item? (? for menu, Esc to quit)
You are much too full right now.
Sorry, you're too full to transform right now.
Read which item? (? for menu, Esc to quit)
As you read the scroll labeled HESELO WIDUMUFF, it crumbles to dust.
It is a scroll of identify.
Identify which item? (\ to view known items) (? for menu, Esc to quit)
g - 2 scrolls of remove curse Read which item? (? for menu, Esc to quit)
Identify which item? (\ to view known items) (? for menu, Esc to quit)
Choose an unidentified item, or Esc to abort.
Identify which item? (\ to view known items) (? for menu, Esc to quit)
As you read the scroll of identify, it crumbles to dust.
h - a scroll of teleportation
* * * LOW HITPOINT WARNING * * *
You feel sick.
Unknown command.
* * * LOW HITPOINT WARNING * * *
You feel sick.
You die...

####### #.....#
############.(...###.###
.......................
# #.#...♣...#..@.###.###
# #....♣.♣.......#
####.).♣.♣.♣....####.
).....♣.♣.♣.♣........#
.....♣.♣._.♣.♣.#.###.r
###...♣^♣.♣.♣..#.#
#....♣.♣.♣.....#
#.....♣.♣......#
#..#...♣...#.#.#


There were no monsters in sight!

Vanquished Creatures
  An adder (D:2)
  An ooze (D:1)
  A dart slug (D:2)
  2 giant cockroaches
  A goblin (D:2)
  2 hobgoblins
  4 bats
  A giant newt (D:1)
  2 kobolds
  2 rats (D:1)
17 creatures vanquished.

Notes
Turn   | Place    | Note
--------------------------------------------------------------
     0 | D:1      | M4edhros the Vampire Transmuter began the quest for the Orb.
     0 | D:1      | Reached XP level 1. HP: 14/14 MP: 3/3
    55 | D:1      | Reached skill level 1 in Stealth
   166 | D:1      | Reached XP level 2. HP: 18/20 MP: 5/5
   269 | D:2      | Found an iron altar of Okawaru.
   299 | D:2      | Reached skill level 4 in Unarmed Combat
   299 | D:2      | Reached XP level 3. HP: 9/25 MP: 6/6
   313 | D:2      | HP: 1/25 [poisoned by an adder]
   318 | D:2      | HP: 1/25 [poisoned by an adder]
   321 | D:2      | Succumbed to an adder's poison

Vault maps used:
D:1:      dpeg_arrival_fog
D:2:      fiery_altar_vehumet, okawaru_trees_2, grunt_qazlal_clouds
D:3:      kiku_gazebo_pond_becter, ashenzari_conservatory_becter, minmay_vboxes

Skill      XL: |  1  2 |
---------------+-------+-----
Stealth        | 2 3 |  3.1
Unarmed Combat | 4 |  4.0
Fighting       | |  0.8
Dodging        | |  2.1
Spellcasting   | |  2.0
Transmutations | |  2.1

Action                   || total
-------------------------++-------
Melee: Unarmed           ||    77
       Bite              ||     6
  Use: Potion            ||     7
       Scroll            ||     2
Armor: Scale mail        ||    41
Dodge: Dodged            ||    35
